 Dungeon Crawl Stone Soup version 0.26-a0-639-g72c4674329 (webtiles) character file.

Game seed: 1341305567045804975

99 Gottschkopf the Grave Robber (level 4, -7/24 HPs)
             Began as a Deep Elf Necromancer on Sept 16, 2020.
             Mangled by an ogre
             ... wielding a +0 giant club
              (26 damage)
             ... on level 3 of the Dungeon.
             The game lasted 00:06:45 (3344 turns).

Gottschkopf the Grave Robber (Deep Elf Necromancer) Turns: 3344, Time: 00:06:45

Health: -7/24      AC:  3    Str:  5    XL:     4   Next: 45%
Magic:  5/10       EV: 13    Int: 21    God:
Gold:   159        SH:  0    Dex: 21    Spells: 0/9 levels left

rFire    . . .     SeeInvis .   b - +0 dagger
rCold    . . .     Faith    +   (no shield)
rNeg     + . .     Spirit   .   a - +0 robe
rPois    .         Reflect  .   (no helmet)
rElec    .         Harm     .   (no cloak)
rCorr    .         Rampage  .   c - +0 pair of gloves
MR       .....                  (no boots)
Stlth    ++........             l - amulet of faith
HPRegen  0.08/turn              h - ring of positive energy
MPRegen  0.12/turn              g - +6 ring of dexterity

@: no status effects
A: no striking features
a: no special abilities


You were on level 3 of the Dungeon.
You visited 1 branch of the dungeon, and saw 3 of its levels.

You collected 159 gold pieces.

Inventory:

Hand Weapons
 b - a +0 dagger (weapon)
Armour
 a - a +0 robe (worn)
 c - a +0 pair of gloves (worn)
Jewellery
 g - a +6 ring of dexterity (right hand)
 h - a ring of positive energy (left hand)
 j - an uncursed ring of positive energy
 l - an amulet of faith (around neck)
 m - an uncursed ring of wizardry {unknown}
Wands
 o - a wand of polymorph (10)
Scrolls
 d - a scroll of identify {unknown}
 f - 2 scrolls of teleportation {unknown}
 i - 2 scrolls of enchant weapon {unknown}
 k - a scroll of remove curse {unknown}
 n - a scroll of random uselessness {unknown}
 p - a scroll of fog {unknown}
Potions
 e - a potion of lignification {unknown}
 q - a potion of brilliance {unknown}


   Skills:
 - Level 2.4 Dodging
 - Level 2.4 Stealth
 - Level 3.0 Spellcasting
 + Level 7.2 Necromancy


You couldn't memorise any spells.
You knew the following spells:

 Your Spells              Type           Power        Failure   Level
a - Pain                  Necr           ####         1%          1
b - Animate Dead          Necr           ####......   7%          4
c - Vampiric Draining     Necr           ####......   1%          3
d - Animate Skeleton      Necr           ####..       1%          1

Your spell library contained the following spells:

 Spells                   Type           Power        Failure   Level
 Agony                    Necr           ####....     19%         5


Dungeon Overview and Level Annotations

Branches:
Dungeon (3/15)

Altars:


Message History

Aim: an ogre, wielding a +0 giant club (moderately wounded, chance to defeat MR: 84%)
The ogre writhes in agony.
The ogre closely misses you.
Casting: Pain (safe; 1% risk of failure)
Confirm with . or Enter, or press ? or * to list all spells.
Aiming: Pain (safe; 1% risk of failure)
Press: ? - help, Shift-Dir - straight line, f/p - ogre
Aim: an ogre, wielding a +0 giant club (moderately wounded, chance to defeat MR: 84%)
The ogre writhes in agony.
An ooze comes into view.
The giant cockroach closely misses you.
Casting: Pain (safe; 1% risk of failure)
Confirm with . or Enter, or press ? or * to list all spells.
Aiming: Pain (safe; 1% risk of failure)
Press: ? - help, Shift-Dir - straight line, f/p - ogre
Aim: an ogre, wielding a +0 giant club (moderately wounded, chance to defeat MR: 84%)
The ogre barely resists.
The ooze quivers.
The ogre hits you with a +0 giant club!!
Ouch! That really hurt!
You die...

. . ##( # .J#.#
#S#.#
..#####.#.#
......sO..#
#.###..@..##
#..........####
#####...†...(..
##....#####
##..#.# #.###.#
#######..# ##
........#.#
#######.###


You could see an ogre, an ooze, an adder and a giant cockroach.

Vanquished Creatures
  4 adders
  3 dart slugs
  A worm (D:3)
  2 leopard geckos
  A ball python (D:3)
  A giant cockroach (D:2)
  7 goblins
  7 hobgoblins
  11 kobolds
  6 bats
  3 frilled lizards
  4 rats
50 creatures vanquished.

Vanquished Creatures (collateral kills)
  A giant cockroach (D:3)
  A ball python (D:3)
2 creatures vanquished.

Grand Total: 52 creatures vanquished

Notes
Turn   | Place    | Note
-------+----------+-------------------------------------------
     0 | D:1      | Gottschkopf the Deep Elf Necromancer began the quest for
                  | the Orb.
     0 | D:1      | Reached XP level 1. HP: 10/10 MP: 6/6
    46 | D:1      | Reached skill level 5 in Necromancy
   278 | D:1      | Reached XP level 2. HP: 1/15 MP: 0/8
   767 | D:1      | Learned a level 1 spell: Animate Skeleton
  1133 | D:2      | Reached skill level 6 in Necromancy
  1267 | D:2      | Reached XP level 3. HP: 11/19 MP: 6/9
  1272 | D:2      | Learned a level 3 spell: Vampiric Draining
  2734 | D:3      | Reached XP level 4. HP: 23/24 MP: 7/10
  2788 | D:3      | Reached skill level 7 in Necromancy
  2859 | D:3      | Learned a level 4 spell: Animate Dead
  3337 | D:3      | Noticed an ogre
  3344 | D:3      | Mangled by an ogre

Illustrated notes

Levels and vault maps discovered:
D:1:      tarquinn_simple_flora_water_a, layout_rooms
D:2:      layout_basic
D:3:      layout_loops_ring, uniq_terence, uniq_natasha

Skill      XL: |  1  2  3  4 |
---------------+-------------+-----
Necromancy     | 5 6 7 |  7.2
Dodging        | |  2.4
Stealth        | |  2.4
Spellcasting   | |  3.0

Action                   |  1- 3 |  4- 6 || total
-------------------------+-------+-------++-------
Melee: Dagger            |    19 |    18 ||    37
 Cast: Pain              |    67 |    28 ||    95
       Animate Skeleton  |     5 |     1 ||     6
       Animate Dead      |       |     1 ||     1
 Stab: Sleeping          |     1 |       ||     1
Armor: Robe              |    10 |     8 ||    18
Dodge: Dodged            |    34 |    27 ||    61

Table legend: (Time is in decaauts)
 A = Elapsed time spent in this place.
 B = Non-inter-level travel time spent in this place.
 C = Inter-level travel time spent in this place.
 D = Time resting spent in this place.
 E = Time spent auto-exploring this place.
 F = Levels seen in this place.
 G = Mean time per level.
                   A        B        C        D        E       F      G
               +--------+--------+--------+--------+--------+-----+--------+
         Total |   3341 |   3328 |     13 |    122 |   2814 |   3 | 1113.7 |
       Dungeon |   3341 |   3328 |     13 |    122 |   2814 |   3 | 1113.7 |
               +--------+--------+--------+--------+--------+-----+--------+

Top non-repeatable levels by time:
     D:2: 1491 daAuts
     D:1: 1022 daAuts
     D:3: 826 daAuts
